 Dungeon Crawl Stone Soup version 0.31-a0-538-gbc85326fa9 (webtiles) character file.

Game seed: 9289722780097734690

557 LeprechaunX the Ruffian (level 7, 0/46 HPs)
             Began as an Octopode Shapeshifter on Aug 14, 2023.
             Frozen to death by an endoplasm (5 damage)
             ... on level 4 of the Dungeon.
             The game lasted 00:05:17 (2862 turns).

LeprechaunX the Ruffian (Octopode Shapeshifter)     Turns: 2862, Time: 00:05:17

Health: 0/46       AC:  1    Str: 16    XL:     7   Next: 30%
Magic:  9/9        EV: 14    Int: 10    God:
Gold:   147        SH:  5    Dex: 13    Spells: 7/9 levels left

rFire   . .          .
                       - Unarmed
rCold   . . .        (no shield)
rNeg    . . .        (helmet currently unavailable)
rPois   .            q - amulet of reflection
rElec   .            (no ring)
rCorr   .            (no ring)
SInv    .            (no ring)
Will    .....        (no ring)
Stlth   ++           (no ring)
HPRegen 0.27/turn    (no ring)
MPRegen 0.11/turn    (no ring)
                     (no ring)

%: reflection
@: beast-form
A: beast (slay +2), almost no armour, amphibious, 8 rings, camouflage 1,
gelatinous body 1, (nimble swimmer 1), tentacles
a: Begin Untransformation


You were on level 4 of the Dungeon.
You were a hulking beast.
You visited 1 branch of the dungeon, and saw 4 of its levels.

You collected 147 gold pieces.

Inventory:

Hand Weapons
 a - a +0 sling
Missiles
 g - 3 javelins
Jewellery
 d - an amulet of the acrobat
 q - an amulet of reflection (around mantle)
Talismans
 b - a beast talisman (active)
 c - a flux talisman
Wands
 i - a wand of flame (28)
Scrolls
 e - a scroll of poison {unknown}
 f - 3 scrolls of identify {unknown}
 l - a scroll of fog {unknown}
 r - a scroll of fear {unknown}
Potions
 h - a potion of curing {unknown}
 j - a potion of resistance {unknown}
 k - a potion of brilliance {unknown}
 m - a potion of lignification
 n - a potion of mutation {unknown}
 o - a potion of cancellation {unknown}
 p - a potion of might {unknown}


   Skills:
 + Level 3.3 Fighting
 + Level 3.8 Dodging
 + Level 4.5 Unarmed Combat
 + Level 1.8 Spellcasting
 + Level 1.9 Translocations
 + Level 4.0 Shapeshifting


You had 7 spell levels left.
You knew the following spells:

 Your Spells              Type           Power      Damage    Failure   Level
a - Blink                 Tloc           8%         N/A       22%         2

Your spell library contained the following spells:

 Spells                   Type           Power      Damage    Failure   Level
 Lesser Beckoning         Tloc           8%         N/A       22%         2
 Momentum Strike          Conj/Tloc      4%         3d8       32%         2


Dungeon Overview and Level Annotations

Branches:
Dungeon (4/15)
 Temple: D:4-7

Altars:
Dithmenos
Kikubaaqudgha

Shops:
D:3 (

Annotations:
D:3 2 transporters, Heh's ghost, amateur OpSh


Innate Abilities, Weirdness & Mutations

You are a hulking beast.
Your limbs bulge with bestial killing power. (Slay +2)
You cannot wear most types of armour.
You are amphibious.
You can wear up to eight rings at the same time.
Your skin changes colour to match your surroundings (Stealth+).
Your rubbery body absorbs attacks. (AC +1, EV +1)
((You are camouflaged when in or above water. (Stealth+)))
You have tentacles for arms and can constrict up to eight enemies at once.


Message History

You squeeze the orc priest, but do no damage.
The orc priest is heavily wounded.
You constrict the orc priest. You block the orc priest's attack.
The orc priest hits you with a +0 mace!
You tentacle-slap the orc priest. You squeeze the orc priest.
You kill the orc priest!
The orc priest hits you from afar with a +0 spear.
You barely miss the orc. You grab the orc. You constrict the orc.
The orc priest closely misses you. The orc hits you with a +0 flail!
The ball python hisses angrily.
You bludgeon the orc!
You kill the orc!
An endoplasm comes into view.
The orc priest barely misses you. The orc hits you with a +0 mace.
Items here: $ ))) [ †††.
The endoplasm quivers.
You tentacle-slap the orc priest. You grab the orc priest.
You squeeze the orc priest.
The orc priest is heavily wounded.
You constrict the orc priest.
The orc priest hits you with a +0 spear.
The orc barely misses you.
You tentacle-slap the orc priest. You squeeze the orc priest.
You kill the orc priest!
The orc hits you with a +0 mace.
* * * LOW HITPOINT WARNING * * *
You bludgeon the orc! Your grab misses the orc. You squeeze the orc.
You kill the orc!
The endoplasm hits you.
* * * LOW HITPOINT WARNING * * *
You closely miss the ball python.
The hound barks!
You grab the ball python. You squeeze the ball python.
You kill the ball python!
The endoplasm hits you.
* * * LOW HITPOINT WARNING * * *
You barely miss the endoplasm. Your squeeze misses the endoplasm.
The endoplasm freezes you.
You are frozen.
You die...

##### #..# #..#.# #.#
####...###..#######..#.#
#.#
........................
#.# ###...........†..#..
o.# #.# ###.####..####h#
#.# #.....# #..# #.# #.#
..##### #..# #.#
######## #..# #)#
.......# #..# #h#
######.# #.....))J...#
#.# #.####..#.###
#.###.#.........
###.......##.## ...
#.......####.# ###.#
#.####### #.# # #.# #.#
#.# #.#


You could see a hound and an endoplasm.

Vanquished Creatures
  Pargi (D:3)
  A hound (D:4)
  2 orc priests (D:4)
  Jessica (D:2)
  3 iguanas (D:4)
  Robin (D:4)
  8 gnolls
  5 adders
  An ufetubus (D:4)
  A worm (D:2)
  7 dart slugs
  11 orcs
  9 ball pythons
  2 bats
  2 endoplasms
  A giant cockroach (D:1)
  13 hobgoblins
  4 jackals (D:1)
  5 quokkas
  5 frilled lizards
  21 goblins
  6 kobolds
  6 rats
116 creatures vanquished.

Notes
Turn   | Place    | Note
-------+----------+-------------------------------------------
     0 | D:1      | LeprechaunX the Octopode Shapeshifter began the quest for
                  | the Orb.
     0 | D:1      | Reached XP level 1. HP: 13/13 MP: 1/1
    80 | D:1      | Reached XP level 2. HP: 15/18 MP: 2/2
   425 | D:1      | Reached XP level 3. HP: 23/23 MP: 3/3
   610 | D:2      | Noticed Jessica
   613 | D:2      | Killed Jessica
   614 | D:2      | Reached XP level 4. HP: 29/29 MP: 4/4
  1076 | D:2      | Reached XP level 5. HP: 31/35 MP: 5/5
  1364 | D:2      | Learned a level 2 spell: Blink
  1416 | D:3      | Noticed Pargi
  1424 | D:3      | Found a transporter.
  1428 | D:3      | Noticed Heh's ghost (amateur OpSh)
  1473 | D:3      | Killed Pargi
  1474 | D:3      | Reached XP level 6. HP: 29/41 MP: 5/7
  1518 | D:3      | Reached skill level 1 in Translocations
  1523 | D:3      | Found a transporter.
  1729 | D:3      | Reached skill level 1 in Spellcasting
  1872 | D:3      | Found Ifacu's Weapon Boutique.
  2631 | D:4      | Noticed Robin
  2640 | D:4      | Killed Robin
  2670 | D:4      | Found a shadowy altar of Dithmenos.
  2755 | D:4      | Reached XP level 7. HP: 46/46 MP: 9/9
  2768 | D:4      | Found an ancient bone altar of Kikubaaqudgha.
  2862 | D:4      | Frozen to death by an endoplasm

Illustrated notes

Levels and vault maps discovered:
D:1:      noname_arrival_rooms_in_the_neighbourhood, layout_basic
D:2:      layout_loops_ring, kennysheep_path_1, uniq_jessica
D:3:      layout_loops_cross, gammafunk_ghost_gnarly_gnolls, serial_shops, shop,
          kennysheep_generic_room_16, uniq_pargi
D:4:      layout_loops_ring, mainiacjoe_overflow_alcove_1, old_standard_altar,
          goddamned_bats, uniq_robin

Skill      XL: |  1  2  3  4  5  6  7 |
---------------+----------------------+-----
Fighting       | 2 3 |  3.3
Dodging        | 3 |  3.8
Unarmed Combat | 4 |  4.5
Translocations | 1 |  1.9
Spellcasting   | 1 |  1.8
Shapeshifting  | 4 |  4.0

Action                     |  1- 3 |  4- 6 |  7- 9 || total
---------------------------+-------+-------+-------++-------
  Melee: Unarmed           |    38 |   132 |    24 ||   194
         Constrict         |    12 |    41 |    10 ||    63
         Tentacles         |     6 |    32 |     9 ||    47
         Punch             |     1 |     3 |       ||     4
   Fire: Sling             |       |    45 |       ||    45
   Stab: Sleeping          |     6 |     6 |       ||    12
 Armour: Skin              |     4 |     5 |     2 ||    11
  Dodge: Dodged            |    11 |    85 |    23 ||   119
  Block: Other             |       |       |     2 ||     2

Table legend: (Time is in decaauts)
 A = Elapsed time spent in this place.
 B = Non-inter-level travel time spent in this place.
 C = Inter-level travel time spent in this place.
 D = Time resting spent in this place.
 E = Time spent auto-exploring this place.
 F = Levels seen in this place.
 G = Mean time per level.
                   A        B        C        D        E       F      G
               +--------+--------+--------+--------+--------+-----+--------+
         Total |   2866 |   2696 |    170 |    237 |   1814 |   4 |  716.5 |
       Dungeon |   2866 |   2696 |    170 |    237 |   1814 |   4 |  716.5 |
               +--------+--------+--------+--------+--------+-----+--------+

Top non-repeatable levels by time:
     D:3: 1194 daAuts
     D:2: 794 daAuts
     D:1: 607 daAuts
     D:4: 270 daAuts
